Map: Prion Terraces

Players

Miszu - Winner!

  • Race: Terran Terran
  • League: Diamond

Tesla (Rob)

  • Race: Terran Terran
  • League: Grandmaster

VOD

Have the link to the VOD?

Description

Time

  • Played on: March 25, 2016, 5:35 p.m.
  • Length: 3:11
Show
View Real Time Build Order
Export as new Build Order

Miszu Terran - Winner!

Build Orders: 1/1/1 

Get SALT Encoding   

  12  0:00  SCV  
  13  0:12  SCV  
  14  0:17  Supply Depot  
  14  0:24  SCV  
  14  0:28  Refinery  
  15  0:39  SCV  
  16  0:44  Barracks  
  16  0:51  SCV  
  17  0:59  Refinery  
  17  1:03  SCV  
  18  1:15  SCV  
  20  1:33  Factory  
  20  1:34  Orbital Command  
  20  1:37  Reaper  
  20  1:45  Supply Depot  
  20  2:00  SCV  
  21  2:09  Reaper  
  21  2:15  SCV  
  23  2:17  Hellion  
  25  2:27  Starport  
  25  2:30  SCV  
  25  2:34  Supply Depot  
  25  2:42  Hellion  
  26  2:49  SCV  
  28  3:06  Starport Tech Lab  
Show
View Real Time Build Order
Export as new Build Order

Tesla Terran 

Build Orders:  

Get SALT Encoding   

  12  0:10  Supply Depot  
  12  0:32  Barracks  
  12  0:35  Refinery  
  12  0:41  SCV  
  13  1:00  Barracks  
  13  1:04  SCV  
  14  1:16  SCV  
  15  1:22  Reaper  
  16  1:28  SCV  
  17  1:37  Refinery  
  17  1:49  Reaper  
  18  1:57  Reaper  
  18  1:59  Orbital Command  
  18  2:22  Reaper  
  18  2:24  SCV  
  20  2:30  Reaper  
  20  2:36  SCV  
  21  2:48  SCV  
  21  2:50  Supply Depot  
Tags
 
Add a new tag
Caveats
  • Supply blocks, unpowered buildings, or Contaminate may cause inaccurate times.
  • Supply counts are checked every 10 seconds.